 Dungeon Crawl Stone Soup version 0.30-a0-782-ge64f9170bb (webtiles) character file.

Game seed: 18329956572961366581

241 Barriton the Gusty (level 5, -1/38 HPs)
             Began as a Draconian Air Elementalist on Feb 28, 2023.
             Slain by a goblin
             ... wielding a +0 spear
             ... led by Robin
              (8 damage)
             ... on level 3 of the Dungeon.
             The game lasted 00:04:30 (2605 turns).

Barriton the Gusty (Draconian Air Elementalist)     Turns: 2605, Time: 00:04:31

Health: -1/38      AC:  6    Str: 11    XL:     5   Next: 80%
Magic:  3/9        EV: 12    Int: 17    God:
Gold:   145        SH:  0    Dex: 11    Spells: 7/10 levels left

rFire   . . .      SeeInvis .      - Unarmed
rCold   . . .      Faith    .    (no shield)
rNeg    . . .      Spirit   .    (body armour unavailable)
rPois   .          Reflect  .    (helmet restricted)
rElec   .          Harm     .    (no cloak)
rCorr   .          Rampage  .    (no gloves)
Will    .....                    h - +0 pair of boots
Stlth   ++                       (no amulet)
HPRegen 0.26/turn                (no ring)
MPRegen 0.11/turn                (no ring)

@: no status effects
A: AC +5, unfitting armour, cold-blooded
a: no special abilities


You were on level 3 of the Dungeon.
You visited 1 branch of the dungeon, and saw 3 of its levels.

You collected 145 gold pieces.

Inventory:

Armour
 a - a +0 pair of gloves
 h - a +0 pair of boots (worn)
Scrolls
 b - a scroll of identify
 d - a scroll of enchant weapon
 e - 3 scrolls of vulnerability
 g - 2 scrolls of noise
Potions
 f - 3 potions of curing
 i - a potion of invisibility {unknown}
 j - a potion of attraction {unknown}
 k - a potion of heal wounds {unknown}


   Skills:
 + Level 0.1 Fighting
 + Level 2.2 Dodging
 + Level 2.1 Stealth
 + Level 1.2 Unarmed Combat
 + Level 3.2 Spellcasting
 + Level 2.5 Conjurations
 + Level 4.5 Air Magic


You had 7 spell levels left.
You knew the following spells:

 Your Spells              Type           Power      Damage    Failure   Level
a - Shock                 Conj/Air       56%        1d6       4%          1
b - Static Discharge      Conj/Air       28%        2-4/arc   6%          2

Your spell library contained the following spells:

 Spells                   Type           Power      Damage    Failure   Level
 Swiftness                Air            18%        N/A       8%          3
 Airstrike                Air            9%         2d(2-18)  26%         4


Dungeon Overview and Level Annotations

Branches:
Dungeon (3/15)

Altars:

Annotations:
D:3 Robin


Innate Abilities, Weirdness & Mutations

Your plain brown scales are hard. (AC +5)
You cannot fit into any form of body armour.
You are cold-blooded and may be slowed by cold attacks.


Message History

The goblins go into a battle-frenzy!
The goblin hits you with a +0 club.
Casting: Shock (safe; 4% risk of failure)
Confirm with . or Enter, or press ? or * to list all spells.
The goblin is struck by an arc of lightning.
You kill the goblin!
You are struck by an arc of lightning.
The goblin is struck by an arc of lightning.
You kill the goblin!
The lightning grounds out.
The goblin closely misses you. The goblin hits you with a +0 dagger.
Robin throws the goblin at you!
Casting: Static Discharge (safe; 6% risk of failure)
Confirm with . or Enter, or press ? or * to list all spells.
The goblin is struck by an arc of lightning.
The goblin is severely wounded.
You are struck by an arc of lightning.
The goblin is struck by an arc of lightning.
You kill the goblin!
You are struck by an arc of lightning.
The lightning grounds out.
The hobgoblin hits you. The hobgoblin barely misses you.
The goblin hits you but does no damage. x2
A hobgoblin comes into view. It is wielding a +0 club.
Robin says, "My goblins will feast on your bones."
Casting: Static Discharge (safe; 6% risk of failure)
Confirm with . or Enter, or press ? or * to list all spells.
The hobgoblin is struck by an arc of lightning.
The hobgoblin is heavily wounded.
You are struck by an arc of lightning.
The lightning grounds out.
The hobgoblin closely misses you. The goblin hits you with a +0 spear.
The hobgoblin hits you. The goblin hits you with a +0 dagger.
* * * LOW HITPOINT WARNING * * *
The hobgoblin attacks as you move away! The hobgoblin misses you.
The goblin misses you. The hobgoblin attacks as you move away!
The hobgoblin closely misses you. The goblin hits you with a +0 spear.
* * * LOW HITPOINT WARNING * * *
The goblin attacks as you move away! The goblin hits you with a +0 spear.
* * * LOW HITPOINT WARNING * * *
The goblin hits you from afar with a +0 spear!
You die...

#.....# #.....# #.....#
#.....# ######.# #.....#
#....#.###.....# #####
#....#.#.†.....###....#
#.)..#.#.###....)#g...###
#..<.#.#...#..@g.ggg.g..#
#....#.###.##...g#gg<.#.#
#....#.# #.##†...#....#
#......# #.##....#....#
##.#######.##....#....#
#.#.......##....######
#.#.#############
#.#.............#
###.#############.#


You could see Robin, 4 hobgoblins and 4 goblins.

Vanquished Creatures
  Sigmund (D:3)
  An adder (D:2)
  A dart slug (D:2)
  An orc (D:3)
  6 bats
  9 endoplasms
  2 giant cockroaches
  8 goblins
  6 hobgoblins
  A quokka (D:1)
  2 ball pythons
  3 frilled lizards
  4 kobolds
  6 rats
51 creatures vanquished.

Notes
Turn   | Place    | Note
-------+----------+-------------------------------------------
     0 | D:1      | Barriton the Draconian Air Elementalist began the quest for
                  | the Orb.
     0 | D:1      | Reached XP level 1. HP: 14/14 MP: 3/3
   291 | D:1      | Reached XP level 2. HP: 12/20 MP: 0/5
   815 | D:1      | Found a faded altar of an unknown god.
   960 | D:1      | Reached XP level 3. HP: 26/26 MP: 3/6
  1630 | D:2      | Learned a level 2 spell: Static Discharge
  2119 | D:2      | Reached skill level 4 in Air Magic
  2219 | D:3      | Noticed Sigmund
  2326 | D:3      | Killed Sigmund
  2327 | D:3      | Reached skill level 1 in Unarmed Combat
  2327 | D:3      | Reached XP level 4. HP: 9/33 MP: 2/8
  2327 | D:3      | Reached XP level 5. HP: 11/38 MP: 2/9
  2597 | D:3      | Noticed Robin
  2605 | D:3      | Slain by a goblin

Illustrated notes

Levels and vault maps discovered:
D:1:      spicycebolla_arrival_xxxplode, layout_basic,
          shapermc_ecumenical_altar_ellora, eino_curves_04
D:2:      layout_basic
D:3:      layout_basic, lemuel_coloured_pillars_altar,
          nicolae_ashenzari_skybound, uniq_sigmund, uniq_robin

Skill      XL: |  1  2  3 |
---------------+----------+-----
Stealth        | 2 |  2.1
Air Magic      | 4 |  4.5
Dodging        | 2 |  2.2
Unarmed Combat | 1 |  1.2
Spellcasting   | 3 |  3.2
Conjurations   | 2 |  2.5
Fighting       | |  0.1

Action                     |  1- 3 |  4- 6 || total
---------------------------+-------+-------++-------
  Melee: Unarmed           |    46 |       ||    46
         Tailslap          |     5 |       ||     5
   Cast: Shock             |    83 |     6 ||    89
         Static Discharge  |     8 |     4 ||    12
    Use: Scroll            |     5 |       ||     5
         Potion            |     1 |       ||     1
 Armour: Skin              |    20 |     5 ||    25
  Dodge: Dodged            |    34 |     8 ||    42

Table legend: (Time is in decaauts)
 A = Elapsed time spent in this place.
 B = Non-inter-level travel time spent in this place.
 C = Inter-level travel time spent in this place.
 D = Time resting spent in this place.
 E = Time spent auto-exploring this place.
 F = Levels seen in this place.
 G = Mean time per level.
                   A        B        C        D        E       F      G
               +--------+--------+--------+--------+--------+-----+--------+
         Total |   2607 |   2501 |    106 |      0 |   2176 |   3 |  869.0 |
       Dungeon |   2607 |   2501 |    106 |      0 |   2176 |   3 |  869.0 |
               +--------+--------+--------+--------+--------+-----+--------+

Top non-repeatable levels by time:
     D:1: 1312 daAuts
     D:2: 991 daAuts
     D:3: 303 daAuts
